Map: Submarine LE

Players

BlyOnFire (Bly)

  • Race: Zerg Zerg
  • League: Master
  • Spawn Location: 5:00

Neeblet (Neeb) - Winner!

  • Race: Protoss Protoss
  • Spawn Location: 11:00

Event: StayAtHomestory Cup #2

VOD

Have the link to the VOD?

Description

Time

  • Played on: June 11, 2020, 4:03 p.m.
  • Length: 11:04

All games in this series

Show
View Real Time Build Order
Export as new Build Order

BlyOnFire Zerg 

Build Orders: Hatch First 

Get SALT Encoding   

  12  0:01  Drone  
  13  0:12  Overlord  
  13  0:19  Drone  
  14  0:30  Drone  
  14  0:31  Drone  
  16  0:49  Hatchery  
  15  0:52  Drone  
  15  0:56  Drone  
  17  0:59  Drone  
  18  1:10  Extractor  
  17  1:15  Spawning Pool  
  16  1:19  Drone  
  16  1:25  Drone  
  18  1:29  Drone  
  19  1:42  Drone  
  20  1:52  Overlord  
  20  2:01  Queen x2  
  20  2:03  Zergling x4  
  26  2:15  Metabolic Boost  
  26  2:17  Drone x2  
  28  2:26  Drone x2  
  30  2:42  Hatchery  
  29  2:48  Drone x2  
  29  2:49  Overlord  
  31  2:54  Overlord  
  30  3:04  Zergling x4  
  32  3:08  Queen  
  34  3:17  Drone x3  
  34  3:18  Drone x3  
  39  3:24  Drone  
  39  3:26  Drone  
  41  3:29  Queen  
  43  3:40  Drone  
  43  3:41  Drone, Spore Crawler  
  44  3:47  Drone x3  
  48  3:48  Zergling x4  
  49  3:56  Drone  
  49  3:59  Overlord  
  49  4:00  Drone x2  
  49  4:04  Overlord  
  49  4:06  Spore Crawler  
  49  4:08  Drone  
  48  4:10  Drone  
  48  4:15  Drone  
  48  4:16  Drone  
  51  4:21  Drone  
  51  4:22  Drone x3  
  55  4:28  Drone  
  55  4:29  Drone, Spore Crawler  
  56  4:33  Drone  
  56  4:36  Extractor  
  56  4:43  Drone x5  
  61  4:46  Overlord  
  61  4:51  Drone x3  
  61  4:52  Roach Warren  
  63  4:54  Extractor  
  63  4:56  Zergling x8  
  65  5:10  Overlord x4  
  62  5:32  Roach x11  
  84  5:37  Queen  
  82  5:50  Queen x2  
  82  5:54  Zergling x8  
  82  5:56  Overlord  
  90  6:08  Ravager x2  
  90  6:09  Ravager x4  
  97  6:11  Zergling x10  
  97  6:12  Queen  
  97  6:13  Overlord  
  103  6:18  Overlord  
  103  6:20  Drone  
  103  6:22  Overlord  
  104  6:26  Overlord  
  104  6:39  Ravager x3  
  105  6:40  Zergling x18  
  105  6:45  Roach x2  
  106  7:05  Roach  
  106  7:06  Roach x7  
  106  7:07  Queen  
  104  7:22  Zergling x16  
  110  7:30  Ravager  
  110  7:33  Zergling x4  
  110  7:48  Queen x3  
  110  7:49  Zergling x12  
  110  7:50  Ravager  
  110  7:51  Ravager x2  
  125  7:53  Overlord  
  120  7:59  Zergling x4  
  114  8:13  Zergling x10  
  114  8:15  Ravager x3  
  114  8:18  Drone x4  
  97  8:44  Zergling x14  
  97  8:47  Baneling Nest  
  102  9:03  Zergling x10  
  103  9:19  Zergling x20  
  103  9:23  Roach x2  
  106  9:40  Zergling x10  
  106  9:42  Roach  
  106  9:45  Ravager x4  
  117  9:48  Baneling x13  
  117  9:50  Zergling x4  
  117  9:51  Queen x2  
  123  9:57  Zergling x4  
  123  9:58  Zergling x6  
  128  10:07  Overlord  
  128  10:11  Zergling x10  
  128  10:13  Baneling  
  128  10:27  Zergling x16  
Show
View Real Time Build Order
Export as new Build Order

Neeblet Protoss - Winner!

Build Orders: 1 Gate Expand, Oracle Opening, Phoenix Opening 

Get SALT Encoding   

  12  0:00  Probe  
  13  0:12  Probe  
  14  0:20  Pylon  
  14  0:25  Probe  
  15  0:34  Probe  
  15  0:41  Gateway  
  15  0:42  Probe  
  17  0:50  Assimilator  
  17  0:52  Probe  
  18  1:04  Probe  
  19  1:17  Probe  
  20  1:26  Nexus  
  20  1:35  Cybernetics Core  
  20  1:39  Probe  
  21  1:44  Assimilator  
  21  1:51  Probe  
  22  1:54  Pylon  
  22  2:00  Probe  
  22  2:03  Adept  
  23  2:08  Probe  
  26  2:18  Probe  
  27  2:25  Stargate  
  27  2:30  Probe  
  27  2:34  Stalker  
  27  2:35  Probe  
  30  2:42  Probe  
  30  2:43  Probe  
  32  2:49  Warp Gate  
  33  2:53  Probe  
  33  2:54  Probe  
  35  2:58  Gateway  
  35  3:02  Oracle  
  35  3:05  Probe  
  36  3:06  Probe  
  40  3:17  Probe  
  40  3:20  Probe, Pylon  
  41  3:29  Probe  
  41  3:32  Probe  
  43  3:34  Pylon  
  43  3:38  Phoenix  
  45  3:41  Probe  
  45  3:44  Probe  
  45  3:45  Gateway  
  47  3:53  Probe  
  48  3:56  Probe  
  47  4:05  Probe  
  47  4:08  Oracle  
  51  4:11  Assimilator  
  51  4:12  Probe, Assimilator  
  51  4:14  Pylon  
  52  4:17  Probe  
  52  4:23  Twilight Council  
  53  4:24  Probe, Gateway  
  53  4:29  Probe  
  55  4:36  Probe, Pylon  
  55  4:37  Adept  
  55  4:38  Adept  
  60  4:39  Adept  
  60  4:42  Probe  
  60  4:44  Resonating Glaives  
  63  4:48  Probe  
  63  4:52  Robotics Facility  
  64  4:56  Pylon  
  64  4:58  Adept  
  64  4:59  Adept  
  67  5:07  Adept  
  67  5:13  Nexus  
  70  5:21  Pylon  
  70  5:23  Pylon  
  70  5:26  Adept x2  
  73  5:30  Adept  
  73  5:31  Adept  
  77  5:36  Probe x2  
  79  5:43  Immortal  
  79  5:48  Adept x2  
  87  5:52  Adept  
  87  5:54  Sentry  
  87  5:56  Pylon  
  91  6:01  Probe x2  
  93  6:04  Shield Battery  
  93  6:10  Gateway  
  93  6:12  Gateway  
  93  6:16  Shield Battery  
  93  6:18  Sentry, Immortal  
  93  6:19  Sentry  
  93  6:23  Sentry  
  99  6:32  Adept  
  105  6:33  Probe  
  105  6:37  Probe  
  107  6:40  Probe  
  107  6:42  Pylon  
  107  6:45  Probe, Pylon  
  109  6:51  Sentry  
  109  6:52  Adept x3  
  116  6:54  Probe  
  110  7:04  Immortal  
  114  7:10  Probe  
  114  7:13  Adept x2  
  114  7:14  Adept x2  
  115  7:18  Probe  
  115  7:21  Adept  
  115  7:22  Adept  
  112  7:23  Probe x2  
  114  7:30  Probe, Shield Battery  
  114  7:36  Forge  
  115  7:37  Probe x2  
  115  7:43  Observer, Probe  
  119  7:44  Sentry x2  
  119  7:46  Stalker x3  
  119  7:48  Protoss Ground Weapons Level 1  
  119  7:50  Probe  
  130  7:54  Pylon  
  130  7:55  Pylon  
  130  7:56  Probe  
  131  7:59  Probe  
  131  8:04  Probe  
  133  8:10  Immortal  
  136  8:15  Stalker x4  
  138  8:20  Assimilator  
  138  8:22  Assimilator  
  138  8:27  Blink  
  138  8:31  Stalker x2  
  130  8:40  Adept  
  130  8:41  Adept x3, Immortal  
  131  8:58  Shield Battery  
  131  9:00  Adept x2  
  131  9:01  Adept  
  131  9:02  Adept  
  138  9:06  Adept x2  
  138  9:07  Probe x2  
  140  9:16  Immortal  
  136  9:21  Adept  
  134  9:24  Adept x2  
  140  9:33  Pylon  
  140  9:34  Pylon  
  140  9:49  Stalker x4  
  140  9:50  Stalker  
  150  9:55  Stalker  
  150  9:56  Observer, Photon Cannon  
  150  9:59  Photon Cannon  
  124  10:30  Stalker x6  
  122  10:53  Stalker x2  
  122  10:54  Stalker x4  
Tags
 
Add a new tag
Caveats
  • Supply blocks, unpowered buildings, or Contaminate may cause inaccurate times.
  • Supply counts are checked every 10 seconds.